PCL
CALGARY COWBOYS @ SPOKANE TRAPPERS
05/25/2026
 
TOP OF THE 1ST
Calgary Cowboys batting - Pitching for Spokane Trappers : LHP Martin Lowry
Pitching: LHP Martin Lowry
Batting: RHB Clark Hodge 0-0: Foul Ball, location: 2F
0-1: Ball
1-1: Ball
2-1: DOUBLE (Flyball, 7LD)
Batting: RHB Dan Wyatt 0-0: Ball
1-0: Swinging Strike
1-1: Called Strike
1-2: Ball
2-2: Foul Ball, location: 2F
2-2: Ball
3-2: Ground out 6-3 (Groundball, 6)
Clark Hodge to third
Batting: LHB Terry Maloney 0-0: SINGLE (Line Drive, 9S)
Clark Hodge scores
Batting: LHB Miguel Pérez 0-0: Foul Ball, location: 2F
0-1: Ball
1-1: Fly out, F9 (Flyball, 9D)
Batting: RHB Ramón Martínez 0-0: Called Strike
0-1: Ball
Terry Maloney is caught stealing 2nd base
Top of the 1st over - 1 run(s), 2 hit(s), 0 error(s), 0 left on base; Calgary 1 - Spokane 0
BOTTOM OF THE 1ST
Spokane Trappers batting - Pitching for Calgary Cowboys : RHP Esteban Castro
Pitching: RHP Esteban Castro
Batting: RHB Tomás Carranza 0-0: Called Strike
0-1: Swinging Strike
0-2: Foul Ball, location: 2F
0-2: Foul Ball, location: 2F
0-2: Strikes out looking
Batting: SHB Nick Cox 0-0: Ball
1-0: Foul Ball, location: 2F
1-1: Foul Ball, location: 2F
1-2: Ball
2-2: Foul Ball, location: 2F
2-2: Ball
3-2: Ground out 6-3 (Groundball, 6)
Batting: LHB Héctor Rentería 0-0: Swinging Strike
0-1: Ball
1-1: Ground out U3 (Groundball, 3S)
Bottom of the 1st over - 0 run(s), 0 hit(s), 0 error(s), 0 left on base; Calgary 1 - Spokane 0
TOP OF THE 2ND
Calgary Cowboys batting - Pitching for Spokane Trappers : LHP Martin Lowry
Batting: RHB Ramón Martínez 0-0: Ball
1-0: Ball
2-0: Called Strike
2-1: Ball
3-1: Base on Balls
Batting: RHB Shayne Burry 0-0: Ball
1-0: Ball
2-0: Called Strike
2-1: Called Strike
2-2: Ball
3-2: Ground out 6-3 (Groundball, 56D)
Ramón Martínez to second
Batting: LHB Freddy Herrera 0-0: Ground out 5-3 (Groundball, 56)
Batting: RHB Luis Peña 0-0: Ground out 5-3 (Groundball, 5)
Top of the 2nd over - 0 run(s), 0 hit(s), 0 error(s), 1 left on base; Calgary 1 - Spokane 0
BOTTOM OF THE 2ND
Spokane Trappers batting - Pitching for Calgary Cowboys : RHP Esteban Castro
Batting: RHB José Gómez 0-0: Ground out 4-3 (Groundball, 4)
Batting: RHB Chris Parker 0-0: Ball
1-0: Ball
2-0: Called Strike
2-1: Foul Ball, location: 2F
2-2: Strikes out swinging
Batting: LHB Jesús Ramírez 0-0: Swinging Strike
0-1: Foul Ball, location: 2F
0-2: Foul Ball, location: 2F
0-2: Strikes out swinging
Bottom of the 2nd over - 0 run(s), 0 hit(s), 0 error(s), 0 left on base; Calgary 1 - Spokane 0
TOP OF THE 3RD
Calgary Cowboys batting - Pitching for Spokane Trappers : LHP Martin Lowry
Batting: RHB Tom Yarbrough 0-0: Ball
1-0: Ball
2-0: Bunted foul
2-1: Ground out 5-3 (Groundball, 15S)
Batting: RHB Clark Hodge 0-0: Foul Ball, location: 2F
0-1: Foul Ball, location: 2F
0-2: Foul Ball, location: 2F
0-2: Ground out 5-3 (Groundball, 56)
Batting: RHB Dan Wyatt 0-0: Called Strike
0-1: Foul Ball, location: 2F
0-2: Ball
1-2: Foul Ball, location: 2F
1-2: Ball
2-2: Ball
3-2: Fly out, F8 (Flyball, 8RXD)
Top of the 3rd over - 0 run(s), 0 hit(s), 0 error(s), 0 left on base; Calgary 1 - Spokane 0
BOTTOM OF THE 3RD
Spokane Trappers batting - Pitching for Calgary Cowboys : RHP Esteban Castro
Batting: RHB John Craig 0-0: Ball
1-0: Ball
2-0: Ball
3-0: Base on Balls
Batting: RHB Jeremy Carr 0-0: Ball
1-0: Ball
2-0: Foul Ball, location: 2F
2-1: SINGLE (Line Drive, 3D)
John Craig to second
Batting: RHB Pedro Rodríguez 0-0: Ball
1-0: Grounds into double play, 4-6-3 (Groundball, 4)
John Craig to third
Batting: RHB Tomás Carranza 0-0: Ball
1-0: Ground out 1-3 (Groundball, 25)
Bottom of the 3rd over - 0 run(s), 1 hit(s), 0 error(s), 1 left on base; Calgary 1 - Spokane 0
TOP OF THE 4TH
Calgary Cowboys batting - Pitching for Spokane Trappers : LHP Martin Lowry
Batting: LHB Terry Maloney 0-0: Ball
1-0: Ball
2-0: Foul Ball, location: 2F
2-1: Ball
3-1: Foul Ball, location: 2F
3-2: Fly out, F9 (Flyball, 9LM)
Batting: LHB Miguel Pérez 0-0: Called Strike
0-1: Called Strike
0-2: Ball
1-2: Ground out 6-3 (Groundball, 6M)
Batting: RHB Ramón Martínez 0-0: Ball
1-0: Ball
2-0: Called Strike
2-1: Ball
3-1: Ground out 3-1 (Groundball, 34)
Top of the 4th over - 0 run(s), 0 hit(s), 0 error(s), 0 left on base; Calgary 1 - Spokane 0
BOTTOM OF THE 4TH
Spokane Trappers batting - Pitching for Calgary Cowboys : RHP Esteban Castro
Batting: SHB Nick Cox 0-0: Foul Ball, location: 2F
0-1: Swinging Strike
0-2: SINGLE (Groundball, 34D)
Batting: LHB Héctor Rentería 0-0: Fly out, F6 (Line Drive, 6)
Batting: RHB José Gómez 0-0: Ball
1-0: Ball
2-0: Ball
3-0: Base on Balls
Nick Cox to second
Batting: RHB Chris Parker 0-0: Ball
1-0: Foul Ball, location: 2F
1-1: Grounds into double play, 6-4-3 (Groundball, 6)
Bottom of the 4th over - 0 run(s), 1 hit(s), 0 error(s), 1 left on base; Calgary 1 - Spokane 0
TOP OF THE 5TH
Calgary Cowboys batting - Pitching for Spokane Trappers : LHP Martin Lowry
Batting: RHB Shayne Burry 0-0: Fly out, F6 (Popup, 5)
Batting: LHB Freddy Herrera 0-0: Ball
1-0: Ball
2-0: Ground out 3-1 (Groundball, 34S)
Batting: RHB Luis Peña 0-0: Foul Ball, location: 2F
0-1: Ball
1-1: Foul Ball, location: 2F
1-2: Foul Ball, location: 2F
1-2: Foul Ball, location: 2F
1-2: Ball
2-2: Strikes out swinging
Top of the 5th over - 0 run(s), 0 hit(s), 0 error(s), 0 left on base; Calgary 1 - Spokane 0
BOTTOM OF THE 5TH
Spokane Trappers batting - Pitching for Calgary Cowboys : RHP Esteban Castro
Batting: LHB Jesús Ramírez 0-0: Fly out, F8 (Flyball, 8LM)
Batting: RHB John Craig 0-0: Ball
1-0: Foul Ball, location: 2F
1-1: DOUBLE (Line Drive, 78M)
Batting: RHB Jeremy Carr 0-0: Called Strike
0-1: Ball
1-1: Ball
2-1: Ball
3-1: Ground out 4-3 (Groundball, 4)
John Craig to third
Batting: RHB Pedro Rodríguez 0-0: Fly out, F8 (Flyball, 8LM)
Bottom of the 5th over - 0 run(s), 1 hit(s), 0 error(s), 1 left on base; Calgary 1 - Spokane 0
TOP OF THE 6TH
Calgary Cowboys batting - Pitching for Spokane Trappers : LHP Martin Lowry
Batting: RHB Tom Yarbrough 0-0: Called Strike
0-1: Ball
1-1: Ball
2-1: Swinging Strike
2-2: Fly out, F7 (Flyball, 78D)
Batting: RHB Clark Hodge 0-0: Ball
1-0: Ball
2-0: Swinging Strike
2-1: Ground out 4-3 (Groundball, 4)
Batting: RHB Dan Wyatt 0-0: Ball
1-0: Ball
2-0: Called Strike
2-1: Ground out 4-3 (Groundball, 4)
Top of the 6th over - 0 run(s), 0 hit(s), 0 error(s), 0 left on base; Calgary 1 - Spokane 0
BOTTOM OF THE 6TH
Spokane Trappers batting - Pitching for Calgary Cowboys : RHP Esteban Castro
Batting: RHB Tomás Carranza 0-0: Swinging Strike
0-1: Called Strike
0-2: Ball
1-2: Ball
2-2: Fly out, F9 (Flyball, 9M)
Batting: SHB Nick Cox 0-0: Ball
1-0: SINGLE (Line Drive, 34)
Batting: LHB Héctor Rentería 0-0: Ball
1-0: Called Strike
1-1: Swinging Strike
1-2: SINGLE (Line Drive, 6MD)
Nick Cox to second
Batting: RHB José Gómez 0-0: Ground out 5-3 (Groundball, 5S)
Nick Cox to third
Héctor Rentería to second
Batting: RHB Chris Parker 0-0: Called Strike
0-1: Called Strike
0-2: SINGLE (Line Drive, 78S)
Nick Cox scores
Héctor Rentería to third
Runner from 3rd tries for Home, SAFE, no throw or cutoff
Batting: LHB Jesús Ramírez 0-0: Ball
1-0: Ground out 4-3 (Groundball, 34)
Bottom of the 6th over - 2 run(s), 3 hit(s), 0 error(s), 1 left on base; Calgary 1 - Spokane 2
TOP OF THE 7TH
Calgary Cowboys batting - Pitching for Spokane Trappers : LHP Martin Lowry
Batting: LHB Terry Maloney 0-0: Foul Ball, location: 2F
0-1: Called Strike
0-2: Ground out 5-3 (Groundball, 56S)
Batting: LHB Miguel Pérez 0-0: Ball
1-0: Called Strike
1-1: SINGLE (Flyball, 8LS)
Batting: RHB Ramón Martínez 0-0: Ball
Miguel Pérez is caught stealing 2nd base
1-0: Ground out 5-3 (Groundball, 56S)
Top of the 7th over - 0 run(s), 1 hit(s), 0 error(s), 0 left on base; Calgary 1 - Spokane 2
BOTTOM OF THE 7TH
Spokane Trappers batting - Pitching for Calgary Cowboys : RHP Esteban Castro
Batting: RHB John Craig 0-0: Ball
1-0: Ball
2-0: Ball
3-0: Base on Balls
Batting: RHB Jeremy Carr 0-0: Bunt missed!
0-1: Bunted foul
0-2: 2-RUN HOME RUN (Flyball, 8RD), Distance : 423 ft
Batting: RHB Pedro Rodríguez 0-0: Called Strike
0-1: Ball
1-1: Swinging Strike
1-2: Ball
2-2: Foul Ball, location: 2F
2-2: Foul Ball, location: 2F
2-2: Fly out, F9 (Flyball, 89M)
Batting: RHB Tomás Carranza 0-0: Foul Ball, location: 2F
0-1: Foul Ball, location: 2F
0-2: Ball
1-2: Ball
2-2: Foul Ball, location: 2F
2-2: Ball
3-2: Strikes out looking
Batting: SHB Nick Cox 0-0: SINGLE (Line Drive, 56D)
Batting: LHB Héctor Rentería 0-0: Swinging Strike
0-1: Ball
1-1: Fly out, F7 (Flyball, 7D)
Bottom of the 7th over - 2 run(s), 2 hit(s), 0 error(s), 1 left on base; Calgary 1 - Spokane 4
TOP OF THE 8TH
Calgary Cowboys batting - Pitching for Spokane Trappers : LHP Martin Lowry
Batting: RHB Shayne Burry 0-0: Ground out 5-3 (Groundball, 56)
Batting: LHB Freddy Herrera 0-0: Called Strike
0-1: Foul Ball, location: 2F
0-2: Ball
1-2: Ground out 4-3 (Groundball, 34)
Batting: RHB Luis Peña 0-0: Ground out 6-3 (Groundball, 6)
Top of the 8th over - 0 run(s), 0 hit(s), 0 error(s), 0 left on base; Calgary 1 - Spokane 4
BOTTOM OF THE 8TH
Spokane Trappers batting - Pitching for Calgary Cowboys : RHP Esteban Castro
Pitching: LHP Takayuki Ine
Batting: RHB José Gómez 0-0: Ball
1-0: Ball
2-0: Foul Ball, location: 2F
2-1: Ball
3-1: Base on Balls
Batting: RHB Chris Parker 0-0: Ball
1-0: Swinging Strike
1-1: Foul Ball, location: 2F
1-2: Strikes out looking
Batting: LHB Jesús Ramírez 0-0: Called Strike
0-1: Ball
1-1: Swinging Strike
1-2: Foul Ball, location: 2F
1-2: Fly out, F8 (Flyball, 8LM)
Batting: RHB John Craig 0-0: Ball
1-0: Swinging Strike
1-1: Ball
2-1: Foul Ball, location: 2F
2-2: Foul Ball, location: 2F
2-2: Foul Ball, location: 2F
2-2: Ball
3-2: Base on Balls
José Gómez to second
Batting: RHB Jeremy Carr 0-0: Foul Ball, location: 2F
0-1: Foul Ball, location: 2F
0-2: Ball
Wild Pitch!
José Gómez to third
John Craig to second
1-2: Ball
2-2: SINGLE (Groundball, 4MD) (infield hit)
José Gómez scores
John Craig to third
Batting: RHB Pedro Rodríguez 0-0: Called Strike
0-1: Ball
1-1: Ball
2-1: Ball
3-1: Fly out, F5 (Popup, 56S)
Bottom of the 8th over - 1 run(s), 1 hit(s), 0 error(s), 2 left on base; Calgary 1 - Spokane 5
TOP OF THE 9TH
Calgary Cowboys batting - Pitching for Spokane Trappers : LHP Martin Lowry
Batting: RHB Tom Yarbrough 0-0: Called Strike
0-1: Fly out, F9 (Flyball, 89D)
Pitching: RHP Juan Álvarez
Batting: RHB Clark Hodge 0-0: Swinging Strike
0-1: Ball
1-1: Swinging Strike
1-2: Strikes out looking
Batting: RHB Dan Wyatt 0-0: Ball
1-0: Called Strike
1-1: Ball
2-1: Ball
3-1: Fly out, F7 (Line Drive, 7S)
Top of the 9th over - 0 run(s), 0 hit(s), 0 error(s), 0 left on base; Calgary 1 - Spokane 5
Monday, December 5th, 2016 - OOTP Baseball 17.12 Build 75